 Dungeon Sprint DCSS version 0.27.1-15-g792fb953b9 (webtiles) character file.

Game seed: 7782678844412917369

0 styxcanada the Sneak (level 1, -3/10 HPs)
             Began as a Spriggan Brigand on Nov 19, 2021.
             Slain by a river rat (6 damage)
             ... in the Dungeon (Sprint IV: "Fedhas' Mad Dash").
             The game lasted 00:00:20 (22 turns).

styxcanada the Sneak (Spriggan Brigand)               Turns: 22, Time: 00:00:21

Health: -3/10      AC:  3    Str:  7    XL:     1   Next: 0%
Magic:  2/2        EV: 16    Int: 12    God:
Gold:   0          SH:  0    Dex: 16    Spells: 0/0 levels left

rFire    . . .     SeeInvis +   a - +2 dagger
rCold    . . .     Faith    .   (shield restricted)
rNeg     . . .     Spirit   .   b - +0 robe
rPois    .         Reflect  .   (helmet restricted)
rElec    .         Harm     .   c - +0 cloak
rCorr    .         Rampage  .   (gloves unavailable)
Will     .....     NoTele   +   (boots unavailable)
Stlth    +++.......             (no amulet)
HPRegen  0.03/turn              (no ring)
MPRegen  0.08/turn              (no ring)

@: very quick
A: very small, no large weapons, unfitting armour, see invisible, speed 3
a: no special abilities


You were in the Dungeon.
You visited 1 branch

Inventory:

Hand Weapons
 a - a +2 dagger (weapon)
Missiles
 d - 4 poisoned darts (quivered)
 e - 2 curare-tipped darts
Armour
 b - a +0 robe (worn)
 c - a +0 cloak (worn)
Scrolls
 k - a scroll of blinking
Potions
 f - a potion of curing
 g - a potion of heal wounds
 h - a potion of haste
 i - 2 potions of magic
 j - a potion of berserk rage


   Skills:
 * Level 1.5 Fighting
 + Level 2.1 Short Blades
 + Level 2.0 Throwing
 * Level 1.3 Dodging
 * Level 5.8 Stealth


You couldn't memorise any spells.
You didn't know any spells.
Your spell library was empty.

Dungeon Overview and Level Annotations

Branches:
Dungeon (1/1)

Altars:


Innate Abilities, Weirdness & Mutations

You are very small and have problems with some larger weapons.
You are too small for most types of armour.
You have supernaturally acute eyesight. (SInv)
You cover ground extremely quickly. (Speed+++)


Message History

The poisoned dart closely misses the river rat.
The poisoned dart closely misses the rat.
There is a staircase leading out of the dungeon here.
Throw: 5 darts (poison)
Press: ? - help, Q - select action, (/) - cycle Shift-Dir - straight line, f/p - river rat
Aim: a river rat (heavily wounded, poisoned, 57% to hit)
You throw a poisoned dart.
The poisoned dart closely misses the river rat.
The poisoned dart hits the fungus.
The rat twitches its whiskers.
The river rat closely misses you.
You hit the river rat but do no damage.
The river rat is heavily wounded.
The rat bites the fungus.
The fungus begins to die.
You closely miss the river rat.
The river rat is heavily wounded.
The river rat closely misses you.
The rat bites the fungus.
You hit the river rat but do no damage.
The river rat is severely wounded.
The river rat looks more healthy.
The river rat barely misses you.
The rat bites the fungus.
You hit the river rat.
The river rat is severely wounded.
The river rat closely misses you.
The rat bites the fungus.
You hit the river rat but do no damage.
The river rat is severely wounded.
A nearby fungus withers and dies.
The river rat bites you but does no damage.
You hit the river rat but do no damage.
The river rat is severely wounded.
The river rat closely misses you. The rat misses you.
You hit the river rat but do no damage.
The river rat is severely wounded.
The river rat bites you!
Ouch! That really hurt!
* * * LOW HITPOINT WARNING * * *
The rat barely misses you.
You completely miss the rat. The river rat bites you.
Ouch! That really hurt!
You die...

############
#@r.P#.....#
#Pr..'.$(.(+
#PPPP#.....#
############


You could see a river rat and a rat.

Vanquished Creatures (others)
  A fungus (D)
1 creature vanquished.

Notes
Turn   | Place    | Note
-------+----------+-------------------------------------------
     0 | D        | styxcanada the Spriggan Brigand began the quest for the
                  | Orb.
     0 | D        | Reached XP level 1. HP: 10/10 MP: 2/2
    22 | D        | Slain by a river rat

Illustrated notes

Levels and vault maps discovered:
D:        dungeon_sprint_fedhas [sprint_temple]

Action                   || total
-------------------------++-------
Melee: Dagger            ||     8
Throw: Dart              ||     4
Armor: Robe              ||     1
Dodge: Dodged            ||     7
